 Dungeon Sprint DCSS version 0.18-a0-1577-gf591c28 (webtiles) character file.

4 pipel the Grave Robber (level 1, 0/14 HPs)
             Began as a Minotaur Necromancer on Mar 19, 2016.
             Was an Initiate of Cheibriados.
             Slain by an adder (3 damage)
             ... in the Dungeon (Sprint VII: "The Pits").
             The game lasted 00:01:54 (78 turns).

pipel the Grave Robber (Minotaur Necromancer)         Turns: 78, Time: 00:01:54

Health: 0/14       AC:  2    Str: 13    XL:     1   Next: 58%
Magic:  1/2        EV: 12    Int: 13    God:    Cheibriados [......]
Gold:   0          SH:  0    Dex: 11    Spells: 2 memorised, 1 level left

rFire  . . .     SeeInvis .     a - +2 quarterstaff
rCold  . . .     Gourm    .     j - +0 robe
rNeg   . . .     Faith    .     (shield currently unavailable)
rPois  .         Spirit   .     (helmet restricted)
rElec  .         Dismiss  .     (no cloak)
rCorr  .         Reflect  .     (no gloves)
SustAt .         Harm     .     (no boots)
MR     .....     NoTele   +     (no amulet)
Stlth  ++........               (no ring)
                                (no ring)

@: very slow, not resistant to hostile enchantments, unstealthy
A: retaliatory headbutt, horns 2
a: Bend Time, Renounce Religion


You were in the Dungeon.
You worshipped Cheibriados.
Cheibriados was noncommittal.
You were not hungry.

You visited 1 branch

Inventory:

Hand Weapons
 a - a +2 quarterstaff (weapon)
Missiles
 n - 10 stones (quivered)
Armour
 j - a +0 robe (worn)
Magical Staves
 b - an uncursed staff of energy {!a}
Scrolls
 i - a scroll of blinking
 p - 3 scrolls of remove curse
 q - 5 scrolls of amnesia
 r - a scroll of summoning
 s - 2 scrolls of vulnerability
Potions
 d - a potion of curing
 e - a potion of heal wounds
 f - a potion of haste
 g - 4 potions of magic
 h - 3 potions of berserk rage
 m - 2 potions of invisibility
Books
 o - a book of Necromancy

   Spells                             Type                      Level
   a - Pain                           Necromancy                   1
   b - Animate Skeleton               Necromancy                   1
   c - Vampiric Draining              Necromancy                   3
   d - Regeneration                   Charms/Necromancy            3
   e - Animate Dead                   Necromancy                   4
   f - Control Undead                 Necromancy                   4
Comestibles
 c - 8 bread rations
 k - 40 fruits
 l - 7 meat rations
 t - 5 chunks of flesh


   Skills:
 + Level 2.3 Dodging
 + Level 1.6 Stealth
 + Level 1.6 Spellcasting
 + Level 3.6 Necromancy


You had one spell level left.
You knew the following spells:

 Your Spells              Type           Power        Failure   Level  Hunger
a - Animate Skeleton      Necr           N/A          8%          1    ##.....
b - Pain                  Necr           ##..         8%          1    ##.....


Dungeon Overview and Level Annotations

Branches:
Dungeon (1/1)

Altars:
Ashenzari
Cheibriados
Dithmenos
Elyvilon
Fedhas
Kikubaaqudgha
Makhleb
Nemelex Xobeh
Okawaru
Pakellas
Ru
Sif Muna
Trog
Vehumet
Xom
Yredelemnul
Zin
The Shining One
Beogh
Jiyva
Lugonu


Innate Abilities, Weirdness & Mutations

You reflexively headbutt those who attack you in melee.
You have a pair of horns on your head.


Message History

Your jackal skeleton bites the adder.
The adder bites your jackal skeleton.
Your jackal skeleton is destroyed!
You hit the ball python zombie.
The ball python zombie barely misses you.
The ball python zombie closely misses you.
You sock the ball python zombie!
You destroy the ball python zombie!
Cheibriados appreciates the change of pace.
You barely miss the adder.
You headbutt the adder, but do no damage.
The adder is lightly wounded.
The adder barely misses you. You furiously retaliate!
You headbutt the adder. The adder bites you.
You take 4 damage, and have 6/14 hp.
MASSIVE DAMAGE!!
You hit the adder but do no damage.
The adder is moderately wounded.
The adder bites you.
* * * LOW HITPOINT WARNING * * *
The adder bites you.
You die...

############
#__________#
#__________#
#_#####'##############+
# #).)'.'..##..........
#)))#.#..##......#..#
#######'#####..........
#.....@.....'..........
#+#####S#####......#..#
#...+ #.......... #...#
####'#####+ #####
#.......# #.......#
#.......# #...<...#
#.......#


You could see an adder.

Vanquished Creatures
  3 jackals (D)
  A ball python zombie (D)
4 creatures vanquished.

Notes
Turn   | Place    | Note
--------------------------------------------------------------
     0 | D        | pipel the Minotaur Necromancer began the quest for the Orb.
     0 | D        | Reached XP level 1. HP: 14/14 MP: 1/1
     9 | D        | Reached skill level 3 in Necromancy
    19 | D        | Learned a level 1 spell: Animate Skeleton
    34 | D        | Found a sacrificial altar of Ru.
    34 | D        | Found a basalt altar of Yredelemnul.
    34 | D        | Found a glowing golden altar of the Shining One.
    34 | D        | Found a deep blue altar of Sif Muna.
    34 | D        | Found a burning altar of Makhleb.
    34 | D        | Found an ancient bone altar of Kikubaaqudgha.
    34 | D        | Found a glowing silver altar of Zin.
    35 | D        | Found a shadowy altar of Dithmenos.
    35 | D        | Found a bloodstained altar of Trog.
    35 | D        | Found a shattered altar of Ashenzari.
    35 | D        | Found a white marble altar of Elyvilon.
    35 | D        | Found a snail-covered altar of Cheibriados.
    35 | D        | Found a blossoming altar of Fedhas.
    35 | D        | Found a radiant altar of Vehumet.
    35 | D        | Found a shimmering altar of Xom.
    35 | D        | Found a sparkling altar of Nemelex Xobeh.
    35 | D        | Found a corrupted altar of Lugonu.
    35 | D        | Found a viscous altar of Jiyva.
    35 | D        | Found a roughly hewn altar of Beogh.
    35 | D        | Found an iron altar of Okawaru.
    36 | D        | Found an oddly glowing altar of Pakellas.
    40 | D        | Became a worshipper of Cheibriados the Contemplative
    78 | D        | Slain by an adder

Vault maps used:
D:        pitsprint

Skill      XL: |  1 |
---------------+----+-----
Necromancy     | 3 |  3.6
Dodging        | |  2.3
Stealth        | |  1.6
Spellcasting   | |  1.6

Action                   || total
-------------------------++-------
Melee: Unarmed           ||     6
       Quarterstaff      ||     4
 Cast: Animate Skeleton  ||     2
       Pain              ||     1
